 Dungeon Crawl Stone Soup version 0.27.1-33-g824d729ab1 (webtiles) character file.

Game seed: 13360585277216310881

62 comborobin the Covert (level 4, -11/41 HPs)
             Began as a Gnoll Delver on Dec 27, 2021.
             Mangled by an iguana (12 damage)
             ... on level 5 of the Dungeon.
             The game lasted 00:00:32 (388 turns).

comborobin the Covert (Gnoll Delver)                 Turns: 388, Time: 00:00:32

Health: -11/41     AC:  3    Str: 13    XL:     4   Next: 8%
Magic:  5/5        EV: 13    Int:  9    God:
Gold:   0          SH:  0    Dex: 13    Spells: 5/5 levels left

rFire    . . .     SeeInvis .   a - +0 short sword
rCold    . . .     Faith    .   (no shield)
rNeg     . . .     Spirit   .   b - +0 leather armour
rPois    .         Reflect  .   (no helmet)
rElec    .         Harm     .   (no cloak)
rCorr    .         Rampage  .   (no gloves)
Will     .....                  (no boots)
Stlth    ++++......             (no amulet)
HPRegen  0.13/turn              (no ring)
MPRegen  0.09/turn              (no ring)

@: no status effects
A: fangs 1, strong nose, distributed training
a: no special abilities


You were on level 5 of the Dungeon.
You visited 1 branch of the dungeon, and saw 2 of its levels.

Inventory:

Hand Weapons
 a - a +0 short sword (weapon)
Armour
 b - a +0 leather armour (worn)
Wands
 g - a wand of digging (3)
Scrolls
 c - a scroll of fog
 d - a scroll of magic mapping
 e - a scroll of fear
Potions
 f - a potion of haste


   Skills:
 + Level 6.5 Fighting
 + Level 4.6 Short Blades
 + Level 1.0 Long Blades
 + Level 1.0 Axes
 + Level 1.0 Maces & Flails
 + Level 1.0 Polearms
 + Level 1.0 Staves
 + Level 1.0 Slings
 + Level 1.0 Bows
 + Level 1.0 Crossbows
 + Level 1.0 Throwing
 + Level 1.0 Armour
 + Level 4.6 Dodging
 + Level 9.5 Stealth
 + Level 1.0 Shields
 + Level 1.0 Unarmed Combat
 + Level 1.0 Spellcasting
 + Level 0.7 Conjurations
 + Level 0.7 Hexes
 + Level 0.7 Summonings
 + Level 0.7 Necromancy
 + Level 0.7 Translocations
 + Level 0.7 Transmutations
 + Level 0.7 Fire Magic
 + Level 0.7 Ice Magic
 + Level 0.7 Air Magic
 + Level 0.7 Earth Magic
 + Level 0.7 Poison Magic
 + Level 1.1 Invocations
 + Level 1.0 Evocations


You had 5 spell levels left.
You didn't know any spells.
Your spell library was empty.

Dungeon Overview and Level Annotations

Branches:
Dungeon (6/15)
 Temple: D:4-7

Altars:


Innate Abilities, Weirdness & Mutations

You have very sharp teeth.
Your uncanny sense of smell can sniff out nearby items.
Your experience applies equally to all skills.


Message History

You are too injured to fight recklessly!
You are too injured to fight recklessly!
You are too injured to fight recklessly!
You are too injured to fight recklessly!
You are too injured to fight recklessly!
You are too injured to fight recklessly!
You are too injured to fight recklessly!
You are too injured to fight recklessly!
You are too injured to fight recklessly!
You are too injured to fight recklessly!
You are too injured to fight recklessly!
You are too injured to fight recklessly!
You are too injured to fight recklessly!
You are too injured to fight recklessly!
You are too injured to fight recklessly!
You are too injured to fight recklessly!
You are too injured to fight recklessly!
You are too injured to fight recklessly!
You are too injured to fight recklessly!
You are too injured to fight recklessly!
You are too injured to fight recklessly!
You are too injured to fight recklessly!
You are too injured to fight recklessly!
You are too injured to fight recklessly!
You are too injured to fight recklessly!
You are too injured to fight recklessly!
You are too injured to fight recklessly!
You are too injured to fight recklessly!
You are too injured to fight recklessly!
You hit the iguana but do no damage.
The iguana is moderately wounded.
The iguana completely misses you.
You hit the iguana.
The iguana is heavily wounded.
The iguana bites you!
* * * LOW HITPOINT WARNING * * *
You hit the iguana but do no damage.
The iguana is heavily wounded.
The iguana bites you!
You die...

#.....#........(....
##..####.........##..
## #...###.......#..#
...
...###.......###..#
#..# ...##..##....#
#.##..# ##...........#
.....#
#...#........#####...#
#..##....###........##
#..#...### #....@....#
#.##....#
#.##.l..)#..#
#.#..##.# #.###...#.#
#.#.######.# #..#.##
##.## #. #..#.# ### .
#.#### # #.# ###


You could see an iguana.

Vanquished Creatures
  A water moccasin zombie (D:5)
  An ufetubus (D:5)
2 creatures vanquished.

Notes
Turn   | Place    | Note
-------+----------+-------------------------------------------
     0 | D:5      | Reached skill level 9 in Stealth
     0 | D:5      | comborobin the Gnoll Delver began the quest for the Orb.
     0 | D:5      | Reached XP level 1. HP: 23/23 MP: 1/1
    46 | D:6      | Noticed a wight
    65 | D:5      | Noticed a water moccasin zombie
    89 | D:5      | Killed a water moccasin zombie
    90 | D:5      | Reached skill level 1 in Long Blades
    90 | D:5      | Reached skill level 1 in Axes
    90 | D:5      | Reached skill level 1 in Maces & Flails
    90 | D:5      | Reached skill level 1 in Polearms
    90 | D:5      | Reached skill level 1 in Staves
    90 | D:5      | Reached skill level 1 in Slings
    90 | D:5      | Reached skill level 1 in Bows
    90 | D:5      | Reached skill level 1 in Crossbows
    90 | D:5      | Reached skill level 1 in Throwing
    90 | D:5      | Reached skill level 1 in Armour
    90 | D:5      | Reached skill level 1 in Shields
    90 | D:5      | Reached skill level 1 in Unarmed Combat
    90 | D:5      | Reached skill level 1 in Spellcasting
    90 | D:5      | Reached skill level 1 in Invocations
    90 | D:5      | Reached skill level 1 in Evocations
    90 | D:5      | Reached XP level 2. HP: 3/29 MP: 1/3
    90 | D:5      | Reached XP level 3. HP: 4/35 MP: 1/4
    90 | D:5      | Reached XP level 4. HP: 5/41 MP: 1/5
   387 | D:5      | HP: 1/41 [iguana (12)]
   388 | D:5      | Mangled by an iguana

Illustrated notes

Levels and vault maps discovered:
D:5:      due_chaos_kobolds, layout_layer_cave, tso_oasis_becter, uniq_pikel,
          uniq_grinder
D:6:      layout_basic, kennysheep_slug_shrine, minivault_24, chequers_arboretum

Skill      XL: |  1 |
---------------+----+-----
Stealth        | |  9.5
Long Blades    | 1 |  1.0
Axes           | 1 |  1.0
Maces & Flails | 1 |  1.0
Polearms       | 1 |  1.0
Staves         | 1 |  1.0
Slings         | 1 |  1.0
Bows           | 1 |  1.0
Crossbows      | 1 |  1.0
Throwing       | 1 |  1.0
Armour         | 1 |  1.0
Shields        | 1 |  1.0
Unarmed Combat | 1 |  1.0
Spellcasting   | 1 |  1.0
Invocations    | 1 |  1.1
Evocations     | 1 |  1.0
Fighting       | |  6.5
Short Blades   | |  4.6
Dodging        | |  4.6
Conjurations   | |  0.7
Hexes          | |  0.7
Summonings     | |  0.7
Necromancy     | |  0.7
Translocations | |  0.7
Transmutations | |  0.7
Fire Magic     | |  0.7
Ice Magic      | |  0.7
Air Magic      | |  0.7
Earth Magic    | |  0.7
Poison Magic   | |  0.7

Action                   |  1- 3 |  4- 6 || total
-------------------------+-------+-------++-------
Melee: Short sword       |    23 |     9 ||    32
       Bite              |     3 |       ||     3
Armor: Leather armour    |     6 |     1 ||     7
Dodge: Dodged            |    17 |     1 ||    18
